TL
MEMPHIS BLUES @ EL PASO CHIHUAHUAS
06/26/1982
 
TOP OF THE 1ST
Memphis Blues batting - Pitching for El Paso Chihuahuas : RHP Tom Smith
Pitching: RHP Tom Smith
Batting: RHB Mariano Duncan 0-0: Swinging Strike
0-1: Foul Ball, location: 2F
0-2: Ball
1-2: Foul Ball, location: 2F
1-2: SINGLE (Line Drive, 4MD, EV 95.0 MPH)
Batting: LHB John Robbins 0-0: Ball
1-0: Ball
2-0: Ball
3-0: Base on Balls
Mariano Duncan to second
Batting: LHB David Christianson 0-0: Swinging Strike
0-1: Foul Ball, location: 2F
0-2: Ball
1-2: Fly out, F8 (Flyball, 8RXD, EV 99.4 MPH)
Runner from 2nd tags up, SAFE at 3rd, no throw by CF
Batting: RHB Chris James 0-0: Ball
1-0: SINGLE (Line Drive, 5D, EV 95.6 MPH)
Mariano Duncan scores
John Robbins to second
Runner from 2nd tries for 3rd, SAFE, no throw by LF
Batting: RHB Randy Filkins 0-0: Called Strike
Chris James steals 2nd base
0-1: Ball
1-1: Swinging Strike
1-2: Ball
2-2: Ball
3-2: Base on Balls
Pitching: RHP Alejandro Pena
Batting: RHB Augustine Garrett 0-0: Called Strike
0-1: Ball
1-1: Foul Ball, location: 2F
1-2: Fly out, F8 (Flyball, 8RD, EV 106.9 MPH)
Runner from 3rd tags up, SCORES, throw by CF
Chris James to third
Batting: LHB Don Jacoby 0-0: 3-RUN HOME RUN (Flyball, 7LD, EV 105.0 MPH), Distance : 379 ft
Batting: RHB Bradley Shames 0-0: Ground out 4-3 (Groundball, 4, EV 106.3 MPH)
Top of the 1st over - 5 runs, 3 hits, 0 errors, 0 left on base; Memphis 5 - El Paso 0
BOTTOM OF THE 1ST
El Paso Chihuahuas batting - Pitching for Memphis Blues : RHP Francisco Reyes
Pitching: RHP Francisco Reyes
Batting: LHB Andy Van Slyke 0-0: SOLO HOME RUN (Flyball, 9D, EV 95.6 MPH), Distance : 382 ft
Batting: RHB Steven Murray 0-0: Called Strike
0-1: Ball
1-1: Ball
2-1: Called Strike
2-2: Foul Ball, location: 2F
2-2: Ball
3-2: Strikes out swinging
Batting: RHB Jesse Vann 0-0: Swinging Strike
0-1: Swinging Strike
0-2: Strikes out swinging, 2-3 out at first.
Batting: LHB Jerry Littmann 0-0: Swinging Strike
0-1: Called Strike
0-2: Foul Ball, location: 2F
0-2: Strikes out swinging
Bottom of the 1st over - 1 run, 1 hit, 0 errors, 0 left on base; Memphis 5 - El Paso 1
TOP OF THE 2ND
Memphis Blues batting - Pitching for El Paso Chihuahuas : RHP Alejandro Pena
Batting: RHB William Muth 0-0: Ball
1-0: Foul Ball, location: 2F
1-1: Ball
2-1: Ball
3-1: Called Strike
3-2: Fly out, F9 (Flyball, 9LS, EV 96.3 MPH)
Batting: RHB Mariano Duncan 0-0: Ball
1-0: Ball
2-0: Ball
3-0: Called Strike
3-1: Base on Balls
Batting: LHB John Robbins 0-0: Ball
1-0: Ball
2-0: Ball
3-0: Called Strike
3-1: Base on Balls
Mariano Duncan to second
Batting: LHB David Christianson 0-0: Foul Ball, location: 2F
0-1: Ball
1-1: Ball
2-1: Ball
3-1: Foul Ball, location: 2F
3-2: Foul Ball, location: 2F
3-2: Foul Ball, location: 2F
3-2: Base on Balls
Mariano Duncan to third
John Robbins to second
Batting: RHB Chris James 0-0: Foul Ball, location: 2F
0-1: Fly out, F9 (Flyball, 9LS, EV 86.9 MPH)
Batting: RHB Randy Filkins 0-0: Called Strike
0-1: Ball
1-1: Hit by Pitch
Mariano Duncan scores
John Robbins to third
David Christianson to second
Batting: RHB Augustine Garrett 0-0: Ball
1-0: Called Strike
1-1: Swinging Strike
1-2: Ball
2-2: Foul Ball, location: 2F
2-2: Ground out 4-3 (Groundball, 4, EV 81.9 MPH)
Top of the 2nd over - 1 run, 0 hits, 0 errors, 3 left on base; Memphis 6 - El Paso 1
BOTTOM OF THE 2ND
El Paso Chihuahuas batting - Pitching for Memphis Blues : RHP Francisco Reyes
Batting: RHB Bill Lyons 0-0: Ball
1-0: Called Strike
1-1: Fly out, F8 (Line Drive, 8RM, EV 101.3 MPH)
Batting: LHB Dan Murphy 0-0: Called Strike
0-1: Called Strike
0-2: Strikes out looking
Batting: RHB Tom Roarke 0-0: Called Strike
0-1: Ball
1-1: Ball
2-1: Foul Ball, location: 2F
2-2: Strikes out looking
Bottom of the 2nd over - 0 runs, 0 hits, 0 errors, 0 left on base; Memphis 6 - El Paso 1
TOP OF THE 3RD
Memphis Blues batting - Pitching for El Paso Chihuahuas : RHP Alejandro Pena
Batting: LHB Don Jacoby 0-0: Ball
1-0: Fly out, F8 (Flyball, 8RXD, EV 94.4 MPH)
Batting: RHB Bradley Shames 0-0: Foul Ball, location: 2F
0-1: Ball
1-1: SINGLE (Groundball, 6MD, EV 107.5 MPH)
Batting: RHB William Muth 0-0: Ball
1-0: Ball
2-0: Ground out 5-3 (Groundball, 56S, EV 61.3 MPH)
Bradley Shames to second
Batting: RHB Mariano Duncan 0-0: Foul Ball, location: 2F
0-1: Ball
1-1: Ground out 6-3 (Groundball, 6, EV 81.9 MPH)
Top of the 3rd over - 0 runs, 1 hit, 0 errors, 1 left on base; Memphis 6 - El Paso 1
BOTTOM OF THE 3RD
El Paso Chihuahuas batting - Pitching for Memphis Blues : RHP Francisco Reyes
Batting: RHB Leo George 0-0: Called Strike
0-1: Foul Ball, location: 2F
0-2: Ball
1-2: Fly out, F9 (Flyball, 89M, EV 86.9 MPH)
Batting: RHB William Parmenter 0-0: Called Strike
0-1: Ball
1-1: Foul Ball, location: 2F
1-2: Ball
2-2: Foul Ball, location: 2F
2-2: Strikes out looking
Batting: LHB Andy Van Slyke 0-0: Called Strike
0-1: Called Strike
0-2: Ball
1-2: Ground out 4-3 (Groundball, 4, EV 76.3 MPH)
Bottom of the 3rd over - 0 runs, 0 hits, 0 errors, 0 left on base; Memphis 6 - El Paso 1
TOP OF THE 4TH
Memphis Blues batting - Pitching for El Paso Chihuahuas : RHP Alejandro Pena
Batting: LHB John Robbins 0-0: Called Strike
0-1: Ball
1-1: Foul Ball, location: 2F
1-2: Ball
2-2: Ball
3-2: TRIPLE (Line Drive, 78XD, EV 106.3 MPH)
Batting: LHB David Christianson 0-0: Foul Ball, location: 2F
0-1: Ball
1-1: SINGLE (Line Drive, 8RS, EV 103.1 MPH)
John Robbins scores
Pitching: RHP Manuel Adams
Batting: RHB Chris James 0-0: Ball
1-0: Ball
2-0: Fielders Choice at 2nd, 1-6 (Groundball, 34S, EV 66.9 MPH)
Batting: RHB Randy Filkins 0-0: Foul Ball, location: 2F
0-1: Foul Ball, location: 2F
0-2: Foul Ball, location: 2F
0-2: Ball
1-2: Fly out, F4 (Flyball, 34D, EV 88.1 MPH)
Batting: RHB Augustine Garrett 0-0: Ball
1-0: SINGLE (Groundball, 6D, EV 104.4 MPH)
Chris James to second
Batting: LHB Don Jacoby 0-0: Ball
1-0: Ball
2-0: Called Strike
2-1: Foul Ball, location: 2F
2-2: Foul Ball, location: 2F
2-2: Foul Ball, location: 2F
2-2: Ball
3-2: SINGLE (Groundball, 4MS, EV 75.0 MPH) (infield hit)
Chris James to third
Augustine Garrett to second
Batting: RHB Bradley Shames 0-0: Fielders Choice at 2nd, 6-4 (Groundball, 6, EV 85.0 MPH)
Top of the 4th over - 1 run, 4 hits, 0 errors, 3 left on base; Memphis 7 - El Paso 1
BOTTOM OF THE 4TH
El Paso Chihuahuas batting - Pitching for Memphis Blues : RHP Francisco Reyes
Batting: RHB Steven Murray 0-0: Ball
1-0: Called Strike
1-1: Ball
2-1: Swinging Strike
2-2: Ball
3-2: Base on Balls
Batting: RHB Jesse Vann 0-0: Swinging Strike
0-1: Ball
Steven Murray steals 2nd base
1-1: Swinging Strike
1-2: SINGLE (Line Drive, 78M, EV 89.4 MPH)
Steven Murray to third
Runner from 3rd tries for Home, SAFE, throw by CF to home
Batting: LHB Jerry Littmann 0-0: Ball
1-0: Called Strike
1-1: Fielders Choice at 2nd, 6-4 (Groundball, 6, EV 98.8 MPH)
Batting: RHB Bill Lyons 0-0: Ball
1-0: Ball
2-0: Called Strike
2-1: Ball
3-1: DOUBLE (Line Drive, 9LM, EV 95.0 MPH)
Jerry Littmann to third
Runner from 3rd tries for Home, SAFE, no throw by RF
Batting: LHB Dan Murphy 0-0: Called Strike
0-1: Called Strike
0-2: Ball
1-2: 2-RUN HOME RUN (Flyball, 9D, EV 101.3 MPH), Distance : 386 ft
Batting: RHB Tom Roarke 0-0: Ball
1-0: Called Strike
1-1: Ball
2-1: Called Strike
2-2: Strikes out swinging
Batting: RHB Leo George 0-0: Swinging Strike
0-1: Foul Ball, location: 2F
0-2: Strikes out looking
Bottom of the 4th over - 4 runs, 3 hits, 0 errors, 0 left on base; Memphis 7 - El Paso 5
TOP OF THE 5TH
Memphis Blues batting - Pitching for El Paso Chihuahuas : RHP Manuel Adams
Batting: RHB William Muth 0-0: Ball
1-0: Foul Ball, location: 2F
1-1: SINGLE (Groundball, 25, EV 66.9 MPH) (infield hit)
Batting: RHB Mariano Duncan 0-0: Called Strike
0-1: Ball
1-1: Ball
2-1: Fly out, F8 (Flyball, 8RS, EV 86.3 MPH)
Batting: LHB John Robbins 0-0: Fielders Choice at 2nd, 6-4 (Groundball, 6, EV 78.1 MPH)
Batting: LHB David Christianson 0-0: Ball
1-0: Called Strike
1-1: Foul Ball, location: 2F
1-2: Foul Ball, location: 2F
1-2: Foul Ball, location: 2F
1-2: Foul Ball, location: 2F
1-2: Ground out 4-3 (Groundball, 4, EV 110.6 MPH)
Top of the 5th over - 0 runs, 1 hit, 0 errors, 1 left on base; Memphis 7 - El Paso 5
BOTTOM OF THE 5TH
El Paso Chihuahuas batting - Pitching for Memphis Blues : RHP Francisco Reyes
Batting: RHB William Parmenter 0-0: Ball
1-0: Foul Ball, location: 2F
1-1: Swinging Strike
1-2: SINGLE (Groundball, 4M, EV 104.4 MPH) (infield hit)
Batting: LHB Andy Van Slyke 0-0: Called Strike
0-1: Ball
1-1: Ball
2-1: Called Strike
2-2: Ball
3-2: Foul Ball, location: 2F
3-2: 2-RUN HOME RUN (Flyball, 9D, EV 94.4 MPH), Distance : 399 ft
Pitching: RHP Mark Humphrey
Batting: RHB Steven Murray 0-0: Ball
1-0: Ball
2-0: Hit by Pitch
Batting: RHB Jesse Vann 0-0: Called Strike
0-1: Ball
1-1: Fly out, F9 (Flyball, 9, EV 89.4 MPH)
Batting: LHB Jerry Littmann 0-0: Ball
1-0: Foul Ball, location: 2F
1-1: Foul Ball, location: 2F
1-2: Fly out, F8 (Flyball, 8RD, EV 106.9 MPH)
Batting: RHB Bill Lyons 0-0: Ground out 6-3 (Groundball, 6S, EV 93.1 MPH)
Bottom of the 5th over - 2 runs, 2 hits, 0 errors, 1 left on base; Memphis 7 - El Paso 7
TOP OF THE 6TH
Memphis Blues batting - Pitching for El Paso Chihuahuas : RHP Manuel Adams
Batting: RHB Chris James 0-0: Ball
1-0: Fly out, F7 (Line Drive, 7, EV 91.9 MPH)
Batting: RHB Randy Filkins 0-0: Ball
1-0: Ball
2-0: Foul Ball, location: 2F
2-1: Ground out 1-3 (Groundball, 15S, EV 67.5 MPH)
Batting: RHB Augustine Garrett 0-0: Foul Ball, location: 2F
0-1: Fly out, F8 (Flyball, 8LXD, EV 103.8 MPH)
Top of the 6th over - 0 runs, 0 hits, 0 errors, 0 left on base; Memphis 7 - El Paso 7
BOTTOM OF THE 6TH
El Paso Chihuahuas batting - Pitching for Memphis Blues : RHP Mark Humphrey
Batting: LHB Dan Murphy 0-0: Ball
1-0: Ball
2-0: Ground out 4-3 (Groundball, 34, EV 94.4 MPH)
Batting: RHB Tom Roarke 0-0: Ball
1-0: Fly out, F9 (Flyball, 89XD, EV 77.5 MPH)
Batting: RHB Leo George 0-0: Called Strike
0-1: Ball
1-1: Swinging Strike
1-2: Foul Ball, location: 2F
1-2: Fly out, F7 (Flyball, 7, EV 85.6 MPH)
Bottom of the 6th over - 0 runs, 0 hits, 0 errors, 0 left on base; Memphis 7 - El Paso 7
TOP OF THE 7TH
Memphis Blues batting - Pitching for El Paso Chihuahuas : RHP Manuel Adams
Batting: LHB Don Jacoby 0-0: Ball
1-0: Fly out, F8 (Flyball, 8RM, EV 90.0 MPH)
Batting: RHB Bradley Shames 0-0: Ball
1-0: Ball
2-0: Called Strike
2-1: Ball
3-1: Base on Balls
Batting: RHB William Muth 0-0: Ball
1-0: Ball
2-0: Fly out, F9 (Flyball, 9, EV 90.0 MPH)
Batting: RHB Mariano Duncan 0-0: Ball
1-0: SINGLE (Line Drive, 34, EV 108.8 MPH)
Bradley Shames to second
Batting: LHB John Robbins 0-0: Ground out 1-3 (Groundball, 13, EV 69.4 MPH)
Top of the 7th over - 0 runs, 1 hit, 0 errors, 2 left on base; Memphis 7 - El Paso 7
BOTTOM OF THE 7TH
El Paso Chihuahuas batting - Pitching for Memphis Blues : RHP Mark Humphrey
Batting: RHB William Parmenter 0-0: Ground out U3 (Groundball, 3, EV 90.0 MPH)
Batting: LHB Andy Van Slyke 0-0: Ball
1-0: Ball
2-0: Ball
3-0: Called Strike
3-1: Base on Balls
Batting: RHB Steven Murray 0-0: Foul Ball, location: 2F
0-1: Called Strike
0-2: Fielders Choice at 2nd, 3-6 (Groundball, 23, EV 91.3 MPH)
Batting: RHB Jesse Vann 0-0: Ball
1-0: Swinging Strike
1-1: Foul Ball, location: 2F
1-2: Strikes out looking
Bottom of the 7th over - 0 runs, 0 hits, 0 errors, 1 left on base; Memphis 7 - El Paso 7
TOP OF THE 8TH
Memphis Blues batting - Pitching for El Paso Chihuahuas : RHP Manuel Adams
Batting: LHB David Christianson 0-0: Ball
1-0: Called Strike
1-1: Ball
2-1: Ball
3-1: Foul Ball, location: 2F
3-2: Foul Ball, location: 2F
3-2: SINGLE (Groundball, 34D, EV 107.5 MPH)
Pitching: RHP Matthew Vejar
Batting: RHB Chris James 0-0: Ball
Wild Pitch!
David Christianson to second
1-0: Swinging Strike
1-1: Ball
2-1: Fly out, F4 (Popup, 34D, EV 60.0 MPH)
Batting: RHB Randy Filkins 0-0: Intentional Walk
Batting: RHB Augustine Garrett 0-0: Ball
1-0: Called Strike
1-1: Fly out, F7 (Flyball, 78D, EV 101.9 MPH)
Batting: LHB Don Jacoby 0-0: Ball
1-0: Fly out, F6 (Popup, 6M, EV 74.4 MPH)
Top of the 8th over - 0 runs, 1 hit, 0 errors, 2 left on base; Memphis 7 - El Paso 7
BOTTOM OF THE 8TH
El Paso Chihuahuas batting - Pitching for Memphis Blues : RHP Mark Humphrey
Batting: LHB Jerry Littmann 0-0: Ball
1-0: Ball
2-0: Foul Ball, location: 2F
2-1: Ball
3-1: Foul Ball, location: 2F
3-2: Strikes out swinging
Batting: RHB Bill Lyons 0-0: Foul Ball, location: 2F
0-1: Swinging Strike
0-2: SINGLE (Groundball, 56, EV 108.8 MPH) (infield hit)
Batting: LHB Dan Murphy 0-0: Foul Ball, location: 2F
0-1: Ball
1-1: Swinging Strike
1-2: Ball
2-2: Foul Ball, location: 2F
2-2: SINGLE (Groundball, 56D, EV 93.8 MPH)
Bill Lyons to second
Batting: RHB Tom Roarke 0-0: Ball
1-0: Ball
2-0: Ball
3-0: Base on Balls
Bill Lyons to third
Dan Murphy to second
Pitching: RHP Mark Huismann
Batting: RHB Leo George 0-0: Ball
1-0: Foul Ball, location: 2F
1-1: Swinging Strike
1-2: Strikes out swinging
Batting: RHB William Parmenter 0-0: Called Strike
0-1: Ball
1-1: Ball
2-1: Fly out, F8 (Line Drive, 8LD, EV 95.0 MPH)
Bottom of the 8th over - 0 runs, 2 hits, 0 errors, 3 left on base; Memphis 7 - El Paso 7
TOP OF THE 9TH
Memphis Blues batting - Pitching for El Paso Chihuahuas : RHP Matthew Vejar
Batting: RHB Bradley Shames 0-0: Ball
1-0: Called Strike
1-1: Ball
2-1: Ball
3-1: Base on Balls
Pinch Hitting: RHB Dave Penniall 0-0: Called Strike
0-1: Ball
1-1: SINGLE (Line Drive, 56D, EV 95.0 MPH)
Bradley Shames to second
Batting: RHB Mariano Duncan 0-0: Ball
1-0: Ball
2-0: Ball
Wild Pitch!
Bradley Shames to third
Dave Penniall to second
3-0: Called Strike
3-1: SINGLE (Line Drive, 9S, EV 100.0 MPH)
Bradley Shames scores
Dave Penniall to third
Batting: LHB John Robbins 0-0: Foul Ball, location: 2F
0-1: Called Strike
Mariano Duncan steals 2nd base (no throw)
0-2: Ball
1-2: Ball
Wild Pitch!
Dave Penniall scores
Mariano Duncan to third
2-2: Foul Ball, location: 2F
2-2: Foul Ball, location: 2F
2-2: Foul Ball, location: 2F
2-2: Ball
3-2: Base on Balls
Batting: LHB David Christianson 0-0: Ball
1-0: Ball
2-0: Foul Ball, location: 2F
2-1: Ball
3-1: Base on Balls
John Robbins to second
Batting: RHB Chris James 0-0: SINGLE (Line Drive, 5D, EV 98.1 MPH)
Mariano Duncan scores
John Robbins to third
David Christianson to second
Runner from 3rd tries for Home, SAFE, throw by LF to home
Batting: RHB Randy Filkins 0-0: Called Strike
0-1: Grounds into double play, 4-6-3 (Groundball, 4, EV 84.4 MPH)
David Christianson to third
Batting: RHB Augustine Garrett 0-0: 2-RUN HOME RUN (Flyball, 78XD, EV 109.4 MPH), Distance : 449 ft
Batting: LHB Don Jacoby 0-0: Ball
1-0: Ball
2-0: Called Strike
2-1: Swinging Strike
2-2: Ball
3-2: Fly out, F9 (Flyball, 89D, EV 89.4 MPH)
Top of the 9th over - 6 runs, 4 hits, 0 errors, 0 left on base; Memphis 13 - El Paso 7
BOTTOM OF THE 9TH
El Paso Chihuahuas batting - Pitching for Memphis Blues : RHP Mark Huismann
Now at 3B: Jeff Reynolds
Batting: LHB Andy Van Slyke 0-0: Ground out 6-3 (Groundball, 56, EV 110.6 MPH)
Batting: RHB Steven Murray 0-0: Ball
1-0: Ground out 6-3 (Groundball, 6, EV 85.0 MPH)
Batting: RHB Jesse Vann 0-0: Ball
1-0: Foul Ball, location: 2F
1-1: Foul Ball, location: 2F
1-2: Foul Ball, location: 2F
1-2: Strikes out looking
Bottom of the 9th over - 0 runs, 0 hits, 0 errors, 0 left on base; Memphis 13 - El Paso 7
Monday, August 10th, 2020 - OOTP Baseball 21.5 Build 76